Map: Defender's Landing LE

Players

Elazer

  • Race: Zerg Zerg
  • Spawn Location: 1:00

Serral - Winner!

  • Race: Zerg Zerg
  • Spawn Location: 7:00

Event: WCS Jonkoping 2017

VOD

Have the link to the VOD?

Description

Time

  • Played on: June 19, 2017, 11:22 a.m.
  • Length: 6:45

All games in this series

Show
View Real Time Build Order
Export as new Build Order

Elazer Zerg 

Build Orders: Pool First 

Get SALT Encoding   

  12  0:00  Drone  
  13  0:12  Overlord  
  13  0:17  Drone  
  14  0:30  Drone x2  
  14  0:34  Drone  
  17  0:44  Extractor, Drone  
  17  0:49  Spawning Pool  
  16  0:56  Drone  
  17  1:17  Hatchery  
  16  1:22  Overlord  
  16  1:36  Queen  
  16  1:38  Zergling x2  
  19  1:46  Metabolic Boost  
  19  1:50  Zergling x2  
  19  1:53  Zergling x2  
  21  1:57  Zergling x2  
  22  2:04  Zergling x2  
  23  2:11  Queen  
  25  2:17  Zergling x2  
  26  2:27  Zergling x2  
  27  2:38  Zergling x4  
  27  2:43  Zergling x2  
  27  2:44  Zergling x6  
  33  2:50  Overlord  
  34  2:51  Drone  
  34  2:57  Drone  
  35  3:01  Drone  
  36  3:11  Drone  
  36  3:12  Drone  
  38  3:18  Drone x3  
  41  3:23  Drone  
  39  3:27  Drone x3  
  39  3:28  Drone  
  41  3:40  Zergling x4  
  43  3:53  Zergling x4  
  42  4:04  Baneling Nest, Queen  
  42  4:06  Overlord  
  42  4:08  Queen, Spine Crawler  
  43  4:10  Overlord  
  43  4:25  Drone  
  43  4:26  Drone x3  
  43  4:27  Hatchery  
  47  4:34  Drone x2  
  47  4:38  Overlord  
  49  4:39  Drone  
  49  4:41  Overlord  
  50  4:49  Baneling x4  
  51  4:52  Zergling x2  
  51  4:53  Zergling x2  
  51  4:55  Drone, Overlord  
  53  5:03  Extractor  
  53  5:04  Evolution Chamber  
  53  5:06  Drone x3  
  54  5:10  Overlord  
  54  5:12  Drone  
  54  5:24  Overlord  
  54  5:25  Drone  
  54  5:26  Zergling x4  
  55  5:31  Zergling x2  
  55  5:32  Zergling x6  
  59  5:36  Extractor  
  59  5:37  Roach Warren  
  59  5:40  Zergling x2  
  59  5:41  Zergling x2  
  58  5:44  Baneling x2  
  58  5:45  Baneling x2  
  58  5:47  Overlord  
  57  5:53  Queen  
  59  6:04  Baneling  
  56  6:12  Baneling  
  56  6:15  Zergling x2  
  56  6:18  Zergling x12  
  55  6:21  Zergling x2  
  55  6:22  Zergling x2  
  55  6:24  Zergling x4  
  55  6:27  Zergling x2  
Show
View Real Time Build Order
Export as new Build Order

Serral Zerg - Winner!

Build Orders: Pool First 

Get SALT Encoding   

  12  0:00  Drone  
  13  0:12  Overlord  
  13  0:17  Drone  
  14  0:31  Drone x2  
  14  0:35  Drone  
  17  0:45  Spawning Pool  
  17  0:48  Drone  
  17  1:09  Hatchery  
  16  1:12  Drone  
  16  1:14  Drone  
  16  1:16  Extractor  
  17  1:31  Queen  
  17  1:32  Zergling x2  
  20  1:33  Zergling x2  
  20  1:39  Overlord  
  21  1:49  Drone  
  22  2:00  Drone  
  23  2:07  Queen  
  25  2:14  Drone  
  26  2:20  Metabolic Boost  
  26  2:21  Queen, Drone  
  29  2:28  Drone  
  30  2:40  Drone  
  30  2:42  Baneling Nest  
  30  2:43  Overlord  
  29  2:44  Drone  
  30  2:53  Drone x2  
  30  2:54  Drone  
  30  2:58  Zergling x2  
  34  3:03  Zergling x2  
  35  3:09  Zergling x4  
  36  3:18  Zergling x2  
  36  3:19  Zergling x6  
  40  3:23  Zergling x2  
  40  3:27  Baneling  
  40  3:29  Baneling  
  40  3:33  Zergling x2  
  40  3:34  Zergling x4  
  33  3:42  Zergling x6  
  33  3:44  Baneling x2  
  32  4:02  Queen  
  32  4:07  Queen  
  37  4:10  Zergling x4  
  38  4:20  Zergling x10  
  43  4:27  Overlord  
  43  4:34  Zergling x2  
  44  4:43  Overlord  
  44  4:48  Zergling x4  
  45  4:57  Hatchery  
  45  4:58  Overlord  
  44  5:02  Zergling x2  
  44  5:03  Zergling x2  
  46  5:11  Zergling x4  
  46  5:12  Zergling x2  
  49  5:16  Baneling x3  
  48  5:22  Zergling x4  
  45  5:29  Zergling x8  
  48  5:40  Zergling x4  
  50  5:43  Baneling x8  
  50  5:46  Zergling x4  
  50  5:47  Zergling x2  
  53  5:50  Zergling x2  
  53  5:52  Drone  
  53  5:53  Baneling x4  
  55  5:57  Zergling x4  
  55  5:59  Zergling x2  
  49  6:13  Zergling x6  
  47  6:18  Zergling x2  
  47  6:19  Baneling x2  
  47  6:25  Zergling x6  
  47  6:26  Zergling x2  
  47  6:27  Zergling x2  
Tags
 
Add a new tag
Caveats
  • Supply blocks, unpowered buildings, or Contaminate may cause inaccurate times.
  • Supply counts are checked every 10 seconds.